 Dungeon Crawl Stone Soup version 0.19-a0-376-gf780d9b (webtiles) character file.

8 ololoev the Firebug (level 2, 15/15 HPs)
             Began as a Deep Elf Fire Elementalist on May 30, 2016.
             Was an Initiate of Gozag.
             Quit the game on level 2 of the Dungeon.
             The game lasted 00:01:43 (194 turns).

ololoev the Firebug (Deep Elf Fire Elementalist)     Turns: 194, Time: 00:01:43

Health: 15/15      AC:  2    Str:  5    XL:     2   Next: 0%
Magic:  5/8        EV: 13    Int: 19    God:    Gozag
Gold:   37         SH:  0    Dex: 15    Spells: 1 memorised, 6 levels left

rFire  . . .     SeeInvis .     (no weapon)
rCold  . . .     Gourm    .     a - +0 robe
rNeg   . . .     Faith    .     (no shield)
rPois  .         Spirit   .     (no helmet)
rElec  .         Dismiss  .     (no cloak)
rCorr  .         Reflect  .     (no gloves)
SustAt .         Harm     .     (no boots)
MR     .....                    (no amulet)
Stlth  ++........               (no ring)
                                (no ring)

@: not resistant to hostile enchantments, unstealthy
A: no striking features
a: Potion Petition, Call Merchant, Bribe Branch, Renounce Religion

Inventory:

Missiles
 h - a throwing net (quivered)
Armour
 a - a +0 robe (worn)
Scrolls
 e - a scroll of fog {unknown}
Potions
 d - a potion of beneficial mutation {unknown}
 f - a potion of agility {unknown}
 g - a potion of curing {unknown}
Books
 b - a book of Flames

   Spells                             Type                      Level
   a - Flame Tongue                   Conjuration/Fire             1
   b - Throw Flame                    Conjuration/Fire             2
   c - Conjure Flame                  Conjuration/Fire             3
   d - Inner Flame                    Hexes/Fire                   3
   e - Sticky Flame                   Conjuration/Fire             4
   f - Fireball                       Conjuration/Fire             5
Comestibles
 c - a bread ration


   Skills:
 - Level 2.4 Dodging
 - Level 2.4 Stealth
 + Level 3.1 Spellcasting
 * Level 1.9 Conjurations
 + Level 3.4 Fire Magic


You had 6 spell levels left.
You knew the following spells:

 Your Spells              Type           Power        Failure   Level  Hunger
a - Flame Tongue          Conj/Fire      ##...        8%          1    None


You were on level 2 of the Dungeon.
You worshipped Gozag.
Gozag was noncommittal.
You were not hungry.

You visited 1 branch of the dungeon, and saw 2 of its levels.

You collected 37 gold pieces.

.# ###.K .w
...#..## ...... .#
## ####.#..## ..
.. ..##.....# #.
#. #.##.s#..####
..##.##.
#.##)#@#....
........
#.##..#..#### #<
######.##.........
#.
#..<........######
.. #.####.####.#
### # #.# .# #.#
.# #.# .# ..# .#

Notes
Turn   | Place    | Note
--------------------------------------------------------------
     0 | D:1      | ololoev the Deep Elf Fire Elementalist began the quest for the Orb.
     0 | D:1      | Reached XP level 1. HP: 10/10 MP: 6/6
   185 | D:2      | Found a faded altar to an unknown god.
   191 | D:2      | Reached XP level 2. HP: 15/15 MP: 5/8
   194 | D:2      | Became a worshipper of Gozag Ym Sagoz the Greedy
   194 | D:2      | Quit the game

Dungeon Overview and Level Annotations

Branches:
Dungeon (2/15)

Altars:
Gozag


Message History

You see here a giant newt corpse.
Found a throwing net.
Found 8 gold pieces.
There is a stone staircase leading down here.
Casting: Flame Tongue
Confirm with . or Enter, or press ? or * to list all spells.
Aiming: Flame Tongue
Press: ? - help, Shift-Dir - straight line, f - hobgoblin
Aim: a hobgoblin, wielding a club (resting)
The flame tongue hits the hobgoblin.
The hobgoblin is severely wounded.
The hobgoblin shouts!
Casting: Flame Tongue
Confirm with . or Enter, or press ? or * to list all spells.
Aiming: Flame Tongue
Press: ? - help, Shift-Dir - straight line, f/p - hobgoblin
Aim: a hobgoblin, wielding a club (severely wounded)
The flame tongue hits the hobgoblin.
You kill the hobgoblin!
The bat barely misses you.
Things that are here:
a club; a hobgoblin corpse
Casting: Flame Tongue
Confirm with . or Enter, or press ? or * to list all spells.
You can't see any susceptible monsters within range! (Use Z to cast anyway.)
The bat barely misses you.
Casting: Flame Tongue
Confirm with . or Enter, or press ? or * to list all spells.
Aiming: Flame Tongue
Press: ? - help, Shift-Dir - straight line, f - bat
Aim: a bat The flame tongue hits the bat.
You kill the bat!
You see here a bat corpse.
Found 16 gold pieces.
You see here a throwing net.
h - a throwing net You now have 29 gold pieces (gained 16).
You now have 37 gold pieces (gained 8).
Magic restored.
There is a stone staircase leading down here.
You climb downwards.
There is a stone staircase leading up here.
You climb upwards.
There is a stone staircase leading down here.
You see here a dart slug corpse.
There is a staircase leading out of the dungeon here.
There is a stone staircase leading down here.
You climb downwards.
There is a stone staircase leading up here.
Found a dagger.
Found a faded altar to an unknown god.
A goblin comes into view. It is wielding a club.
The goblin shouts!
A giant cockroach comes into view.
Casting: Flame Tongue
Confirm with . or Enter, or press ? or * to list all spells.
Aiming: Flame Tongue
Press: ? - help, Shift-Dir - straight line, f - goblin
Aim: a goblin, wielding a club The flame tongue hits the goblin.
The goblin is heavily wounded.
The goblin barely misses you.
Casting: Flame Tongue
Confirm with . or Enter, or press ? or * to list all spells.
Aiming: Flame Tongue
Press: ? - help, Shift-Dir - straight line, f/p - goblin
Aim: a goblin, wielding a club (heavily wounded)
The flame tongue hits the goblin.
You kill the goblin!
You have reached level 2!
A kobold comes into view. It is wielding a short sword.
A worm comes into view.
There is a faded altar to an unknown god here.
This altar will convert you to a god.
You cannot discern which.
Do you pray? Gozag accepts your prayer! Gozag welcomes you!
Gozag waives the service fee.
Gozag offers you a free set of potion effects!
Are you sure you want to abandon this character and quit the game? (Confirm with "yes".)

You could see a worm (wandering) and a giant cockroach.

Vanquished Creatures
  A dart slug (D:1)
  A goblin (D:2)
  2 hobgoblins (D:1)
  A bat (D:1)
  A giant newt (D:1)
6 creatures vanquished.

Action                   || total
-------------------------++-------
 Cast: Flame Tongue      ||    12
Dodge: Dodged            ||     4

Vault maps used:
D:1:      scummos_arrival_checkerplants
D:2:      overflow_temple_1_default, ecumenical_altar_1, wad_floor_pattern_1,
          minmay_goblin_outpost
